 Dungeon Crawl Stone Soup version 0.25-a0-253-g6f1b5d974a (webtiles) character file.

Game seed: 8575960188411627446, levelgen mode: deterministic

2951 floatRand the Carver (level 9, -3/61 HPs)
             Began as a Demonspawn Gladiator on Dec 5, 2019.
             Was a Follower of Qazlal.
             Shot with a sling bullet by Joseph (9 damage)
             ... on level 8 of the Dungeon.
             The game lasted 00:10:40 (7763 turns).

floatRand the Carver (Demonspawn Gladiator)         Turns: 7763, Time: 00:10:41

Health: -3/61      AC:  9    Str: 15    XL:     9   Next: 51%
Magic:  13/13      EV: 14    Int:  9    God:    Qazlal [*.....]
Gold:   219        SH:  1    Dex: 16    Spells: 8/8 levels left

rFire    + + .     SeeInvis .   e - +1 short sword (venom)
rCold    + . .     Gourm    .   (no shield)
rNeg     . . .     Faith    .   b - +0 leather armour
rPois    .         Spirit   .   c - +0 helmet
rElec    .         Reflect  .   k - scarf {rC+ rF+}
rCorr    .         Harm     .   (no gloves)
MR       .....                  j - +0 pair of boots
Stlth    ++........             (no amulet)
HPRegen  0.20/turn              i - ring of protection from fire
MPRegen  0.13/turn              z - -2 ring of intelligence (curse)

@: studying Long Blades
A: talons 1, thin metallic scales 2, demonic guardian 1, nightstalker 1
a: Renounce Religion


You were on level 8 of the Dungeon.
You worshipped Qazlal.
Qazlal was aware of your devotion.
You were not hungry.

You visited 2 branches of the dungeon, and saw 9 of its levels.

You collected 399 gold pieces.
You spent 180 gold pieces at shops.

Inventory:

Hand Weapons
 a - a +0 war axe
 e - a +1 short sword of venom (weapon)
 g - a +0 short sword of electrocution
 p - a +2 whip of electrocution
 r - a +0 long sword
 F - a +3 falchion
Missiles
 d - 2 throwing nets (quivered)
 h - 29 poisoned darts
Armour
 b - a +0 leather armour (worn)
 c - a +0 helmet (worn)
 j - a +0 pair of boots (worn)
 k - a scarf of resistance (worn)
Jewellery
 i - a ring of protection from fire (left hand)
 y - an uncursed ring of ice
 z - a cursed -2 ring of intelligence (right hand)
 B - an uncursed amulet of rage {unknown}
 E - an uncursed amulet of guardian spirit {unknown}
 G - a cursed -3 ring of evasion {unknown}
 L - an uncursed ring of protection from fire
Wands
 l - a wand of enslavement (11)
 t - a wand of disintegration (8)
 K - a wand of flame (15)
Scrolls
 m - a scroll of teleportation
 o - 2 scrolls of identify
 A - a scroll of remove curse
 C - 2 scrolls of enchant weapon
 J - a scroll of torment {unknown}
Potions
 n - 4 potions of lignification
 q - 3 potions of mutation
 u - a potion of invisibility
 v - 2 potions of curing
 x - a potion of agility
 D - a potion of brilliance {unknown}
 H - 3 potions of flight
 I - a potion of might {unknown}
Books
 s - a manual of Long Blades
Comestibles
 f - 14 rations


   Skills:
 - Level 2.0 Fighting
 + Level 9.3 Long Blades
 - Level 3.6 Axes
 - Level 1.7 Throwing
 - Level 5.3 Armour
 + Level 4.8 Dodging
 * Level 6.3 Invocations


You had 8 spell levels left.
You didn't know any spells.
Your spell library contained the following spells:

 Spells                   Type           Power        Failure   Level  Hunger
 Confusing Touch          Hex            #.....       43%         1    ##.....
 Corona                   Hex            #......      43%         1    ##.....
 Magic Dart               Conj           #...         43%         1    ##.....
 Blink                    Tloc           N/A          58%         2    ###....
 Call Imp                 Summ           #.......     58%         2    ###....
 Ensorcelled Hibernation  Hex/Ice        #.....       58%         2    ###....
 Slow                     Hex            #.......     58%         2    ###....
 Confuse                  Hex            #.......     82%         3    ####...
 Conjure Flame            Conj/Fire      #.......     82%         3    ####...
 Dazzling Flash           Conj/Hex       #.....       82%         3    ####...
 Gell's Gravitas          Tloc           #.........   82%         3    ####...
 Mephitic Cloud           Conj/Pois/Air  #.......     82%         3    ####...
 Tukima's Dance           Hex            #.......     82%         3    ####...
 Petrify                  Tmut/Erth      #.......     99%         4    #####..
 Metabolic Englaciation   Hex/Ice        #.........   100%        5    ######.
 Yara's Violent Unravell  Hex/Tmut       #.........   100%        5    ######.


Dungeon Overview and Level Annotations

Branches:
Dungeon (8/15)             Temple (1/1) D:6
   Lair: D:8-11

Altars:
Cheibriados
Elyvilon
Fedhas
Gozag
Hepliaklqana
Kikubaaqudgha
Makhleb
Nemelex Xobeh
Okawaru
Qazlal
Ru
Sif Muna
Trog
Uskayaw
Vehumet
Wu Jian
Yredelemnul
Zin
The Shining One

Shops:
D:6 !

Annotations:
D:4 2 transporters
D:8 Joseph


Innate Abilities, Weirdness & Mutations

You have sharp toenails.
You are mostly covered in thin metallic scales. (AC +3)
A weak demonic guardian rushes to your aid.
You are slightly more attuned to the shadows.


Message History

Joseph hits you with a +0 quarterstaff!
* * * LOW HITPOINT WARNING * * *
You closely miss Joseph.
Joseph is severely wounded.
You hit Joseph but do no damage.
Joseph looks as sick as possible!
Joseph is severely wounded.
Joseph closely misses you.
Unknown command.
You hit Joseph.
Joseph looks as sick as possible!
Joseph is almost dead.
Joseph hits you but does no damage.
You closely miss Joseph.
Joseph is almost dead.
Joseph hits you with a +0 quarterstaff!
* * * LOW HITPOINT WARNING * * *
Unknown command.
Joseph unwields a +0 quarterstaff.
Joseph wields a +0 hunting sling of velocity.
Joseph shoots a sling bullet.
The sling bullet hits you!
You die...

####.#######.# .....# #.#
###### #.# ##### ...# #.#
#...# ##.# ####'### #...#
##.# #......# #...#
##.### #......## #%..#
...... .........###...#
.#..##.##.......@##(..##.
......
...........@.......
.##...
#########.##...##..
....## #..#(..# # ###.#
##.##### # # .# .#


You could see Joseph.

Vanquished Creatures
  Pikel (D:5)
  A troll (D:5)
  A hungry ghost (D:7)
  2 ice beasts
  A slave (D:5)
  A phantom (D:6)
  2 sky beasts
  6 ogres
  3 centaurs
  2 bullfrogs
  A wyvern skeleton (D:7)
  A scorpion (D:7)
  5 crimson imps
  2 hounds (D:4)
  An orc priest (D:1)
  An orc wizard (D:7)
  3 worker ants
  A hound skeleton (D:7)
  4 gnolls (D:2)
  A howler monkey skeleton (D:5)
  8 adders
  A shadow imp (D:5)
  A white imp (D:4)
  An ooze (D:3)
  An adder skeleton (D:6)
  A dart slug (D:4)
  3 leopard geckos
  10 orcs
  4 ball pythons
  13 giant cockroaches
  14 goblins
  4 hobgoblins
  15 jackals
  2 quokkas
  8 bats
  4 frilled lizards (D:1)
  7 kobolds
  8 rats
145 creatures vanquished.

Vanquished Creatures (collateral kills)
  An ogre (D:7)
  3 centaurs
  A crimson imp (D:5)
  A jelly (D:7)
  A hound zombie (D:6)
  A howler monkey zombie (D:7)
8 creatures vanquished.

Vanquished Creatures (others)
  An adder (D:5)
  A shadow imp (D:5)
2 creatures vanquished.

Grand Total: 155 creatures vanquished

Notes
Turn   | Place    | Note
-------+----------+-------------------------------------------
     0 | D:1      | floatRand the Demonspawn Gladiator began the quest for the
                  | Orb.
     0 | D:1      | Reached XP level 1. HP: 16/16 MP: 1/1
   208 | D:1      | Gained mutation: You are partially covered in thin metallic
                  | scales. (AC +2) [demonic ancestry]
   208 | D:1      | Reached XP level 2. HP: 22/22 MP: 2/2
  1399 | D:1      | Reached skill level 1 in Armour
  1399 | D:1      | Reached XP level 3. HP: 27/27 MP: 3/3
  1529 | D:2      | Reached XP level 4. HP: 9/33 MP: 4/4
  2389 | D:2      | Gained mutation: You have sharp toenails. [demonic
                  | ancestry]
  2389 | D:2      | Reached XP level 5. HP: 22/38 MP: 5/5
  3205 | D:3      | Found a glowing golden altar of the Shining One.
  3668 | D:4      | Noticed an ogre
  3679 | D:4      | Killed an ogre
  3679 | D:4      | Reached skill level 5 in Armour
  3679 | D:4      | Reached XP level 6. HP: 44/44 MP: 6/6
  3935 | D:4      | Reached skill level 1 in Long Blades
  3969 | D:4      | Reached skill level 2 in Long Blades
  4075 | D:4      | Found a transporter.
  4238 | D:4      | Found a transporter.
  4317 | D:4      | Gained mutation: A weak demonic guardian rushes to your
                  | aid. [demonic ancestry]
  4317 | D:4      | Reached XP level 7. HP: 46/50 MP: 7/7
  4514 | D:5      | Entered Level 5 of the Dungeon
  4541 | D:5      | Reached skill level 3 in Long Blades
  4562 | D:5      | Reached skill level 4 in Long Blades
  4808 | D:5      | Found a hazy altar of Hepliaklqana.
  4902 | D:5      | Reached skill level 5 in Long Blades
  4929 | D:5      | Noticed a troll
  5210 | D:5      | Noticed Pikel
  5238 | D:5      | Killed Pikel
  5238 | D:5      | Reached skill level 6 in Long Blades
  5238 | D:5      | Gained mutation: You are slightly more attuned to the
                  | shadows. [demonic ancestry]
  5238 | D:5      | Reached XP level 8. HP: 17/56 MP: 8/8
  5285 | D:5      | Killed a troll
  5285 | D:5      | Reached skill level 7 in Long Blades
  5914 | D:6      | Reached skill level 8 in Long Blades
  5926 | D:6      | Found a staircase to the Ecumenical Temple.
  5934 | Temple   | Entered the Ecumenical Temple
  6016 | Temple   | Became a worshipper of Qazlal Stormbringer
  6047 | D:6      | Found Ziorgh's Distillery.
  6074 | D:6      | Reached skill level 1 in Invocations
  6082 | D:6      | Bought a potion of invisibility for 120 gold pieces
  6082 | D:6      | Bought a potion of curing for 45 gold pieces
  6082 | D:6      | Bought a potion of degeneration for 15 gold pieces
  6596 | D:7      | Gained mutation: You are mostly covered in thin metallic
                  | scales. (AC +3) [demonic ancestry]
  6596 | D:7      | Reached XP level 9. HP: 31/61 MP: 9/11
  7221 | D:7      | Reached skill level 5 in Invocations
  7291 | D:7      | Reached * piety under Qazlal
  7291 | D:7      | Reached skill level 9 in Long Blades
  7738 | D:8      | Noticed Joseph
  7763 | D:8      | Shot with a sling bullet by Joseph

Levels and vault maps discovered:
D:1:      onia_arrival_mini_maze_b, layout_basic
D:2:      layout_rooms, minmay_bisected
D:3:      layout_basic, nicolae_tso_carved_into_rock
D:4:      gammafunk_wand_slinger, layout_loops_ring, minmay_fire_ice_demons
D:5:      layout_rooms, lemuel_coloured_pillars_altar, first_ration,
          minmay_manual_monstrance, uniq_pikel
D:6:      layout_cave_pools, minmay_temple_entry_sparse_star, serial_shops, shop
D:7:      minmay_octagon_keep, layout_basic
D:8:      layout_basic, st_stairs_3, uniq_joseph
Temple:   regret_index_temple_sigil_plot

Skill      XL: |  1  2  3  4  5  6  7  8  9 |
---------------+----------------------------+-----
Axes           | 3 |  3.6
Armour         | 1 2 3 5 |  5.3
Long Blades    | 2 6 8 9 |  9.3
Dodging        | 4 |  4.8
Invocations    | 2 6 |  6.3
Fighting       | |  2.0
Throwing       | |  1.7

Action                   |  1- 3 |  4- 6 |  7- 9 || total
-------------------------+-------+-------+-------++-------
Melee: War axe           |    73 |       |       ||    73
       Short sword       |    26 |   264 |   304 ||   594
Throw: Throwing net      |       |     2 |       ||     2
Evoke: Wand              |       |       |     5 ||     5
  Use: Potion            |     2 |     2 |     1 ||     5
       Scroll            |       |     1 |     6 ||     7
 Stab: Distracted        |       |       |     3 ||     3
       Sleeping          |       |       |     2 ||     2
  Eat: Chunk             |     2 |     9 |     9 ||    20
       Ration            |       |       |     1 ||     1
Armor: Leather armour    |    57 |   115 |    94 ||   266
Dodge: Dodged            |   118 |   281 |   183 ||   582
Block: Other             |       |       |     3 ||     3

Table legend:
 A = Non-vault XP
 B = Vault XP
 C = Vault XP percentage of total XP
 D = Non-vault monster count
 E = Vault monster count
 F = Vault count percentage of total count
                 A         B        C        D         E       F
            +---------+---------+-------+---------+---------+-------
      Total |    2814 |    1402 |  33.3 |     132 |      20 |  13.2
            +---------+---------+-------+---------+---------+-------
        D:1 |      78 |       0 |   0.0 |      25 |       0 |   0.0
        D:2 |     141 |      18 |  11.3 |      35 |       3 |   7.9
        D:3 |     112 |       0 |   0.0 |      23 |       0 |   0.0
        D:4 |     350 |      58 |  14.2 |       9 |       2 |  18.2
        D:5 |     746 |     816 |  52.2 |      17 |       5 |  22.7
        D:6 |     407 |       0 |   0.0 |       8 |       0 |   0.0
        D:7 |     980 |     510 |  34.2 |      15 |      10 |  40.0
            +---------+---------+-------+---------+---------+-------
